Map: Orbital Shipyard

Players

mccamel

  • Race: Protoss Protoss
  • League: Bronze

CaptRaynor - Winner!

  • Race: Zerg Zerg
  • League: Grandmaster

VOD

Have the link to the VOD?

Description

Time

  • Played on: Aug. 13, 2015, 12:50 a.m.
  • Length: 16:58
Show
View Real Time Build Order
Export as new Build Order

mccamel Protoss 

Build Orders:  

Get SALT Encoding   

  12  0:01  Probe  
  13  0:17  Pylon  
  13  0:18  Probe  
  14  0:35  Probe (Chrono Boost)  
  15  0:37  Gateway  
  15  0:44  Probe (Chrono Boost)  
  15  0:47  Assimilator  
  16  0:52  Probe  
  17  1:04  Probe (Chrono Boost)  
  18  1:14  Probe (Chrono Boost), Gateway  
  19  1:21  Probe  
  20  1:31  Cybernetics Core  
  20  1:33  Probe (Chrono Boost)  
  20  1:39  Pylon  
  21  1:44  Probe (Chrono Boost)  
  21  1:45  Assimilator  
  22  2:09  Warp Gate (Chrono Boost)  
  22  2:23  Zealot  
  22  2:24  Zealot  
  22  2:26  Pylon  
  22  2:28  Twilight Council  
  22  2:29  Probe (Chrono Boost)  
  27  2:36  Gateway  
  27  2:42  Gateway  
  27  2:54  Zealot x2  
  31  3:01  Probe  
  32  3:09  Charge (Chrono Boost)  
  32  3:22  Pylon  
  32  3:42  Zealot x4  
  39  4:00  Templar Archives  
  39  4:13  Probe  
  40  4:32  Zealot x3  
  46  4:47  Pylon  
  36  5:04  Pylon  
  29  5:26  Psionic Storm  
  29  5:27  High Templar x3  
  35  5:31  Zealot  
  37  5:58  Zealot  
  37  5:59  Zealot  
  37  6:00  Zealot x2  
  37  6:03  Mothership Core (Chrono Boost)  
  47  6:06  Nexus  
  47  6:17  Robotics Facility  
  47  6:28  Zealot  
  47  6:29  Zealot x2  
  53  7:05  Pylon  
  53  7:06  Pylon  
  53  7:18  Probe (Chrono Boost)  
  53  7:19  Probe (Chrono Boost)  
  55  7:26  Forge  
  55  7:28  Probe x2 (Chrono Boost)  
  55  7:29  Observer (Chrono Boost)  
  58  7:36  Gateway  
  58  7:42  Stalker x3  
  58  7:44  Stalker  
  66  7:49  Observer (Chrono Boost)  
  67  7:52  Probe x2  
  69  8:04  Probe x2  
  71  8:21  Sentry x2  
  71  8:23  Sentry  
  77  9:01  Stalker  
  77  9:02  Stalker x2  
  83  9:13  Probe  
  83  9:16  Nexus  
  84  9:18  Pylon  
  84  9:20  Pylon  
  84  9:36  Probe x2  
  86  9:43  Sentry x2  
  90  9:45  Zealot  
  90  9:46  Zealot  
  94  10:04  Gateway  
  94  10:06  Gateway, Protoss Ground Armor Level 1  
  94  10:07  Pylon  
  94  10:08  Pylon  
  94  10:12  Photon Cannon  
  94  10:16  Stalker x2  
  94  10:17  Stalker  
  100  10:59  Stalker x2  
  100  11:00  Stalker x2  
  108  11:07  Assimilator  
  108  11:08  Probe  
  109  11:11  Assimilator  
  109  11:13  Assimilator  
  109  11:18  Assimilator  
  109  11:21  Probe  
  110  11:37  Robotics Bay  
  110  11:48  Probe x2  
  112  11:56  Stalker x3  
  118  12:01  Zealot  
  118  12:02  Zealot x3  
  126  12:16  Pylon  
  126  12:32  Pylon  
  126  12:33  Pylon x2  
  126  12:35  Observer Gravitic Boosters  
  126  12:38  Protoss Ground Weapons Level 1  
  126  12:41  Robotics Facility  
  126  12:46  High Templar  
  128  12:51  High Templar  
  128  12:53  Zealot x3  
  128  12:54  Zealot  
  138  13:24  Stalker  
  138  13:25  Stalker  
  138  13:26  Sentry x2  
  58  14:35  Immortal  
  56  14:43  Zealot  
  56  14:44  Zealot  
  41  16:19  Nexus  
  41  16:22  Forge  
Show
View Real Time Build Order
Export as new Build Order

CaptRaynor Zerg - Winner!

Build Orders: Pool First, Lurkers 

Get SALT Encoding   

  12  0:01  Drone  
  13  0:10  Drone  
  14  0:18  Overlord  
  14  0:39  Drone  
  14  0:40  Drone, Spawning Pool  
  15  0:47  Drone  
  16  0:51  Drone  
  16  0:56  Extractor  
  16  1:02  Drone  
  17  1:12  Overlord  
  17  1:23  Drone  
  18  1:26  Queen  
  20  1:33  Drone  
  21  1:48  Hatchery  
  21  1:52  Drone  
  21  2:02  Queen  
  21  2:03  Metabolic Boost  
  23  2:22  Roach Warren  
  22  2:29  Zergling x2  
  24  2:30  Zergling x4  
  25  2:55  Queen  
  27  2:59  Drone x3  
  27  3:01  Overlord x2  
  30  3:30  Queen  
  32  3:36  Drone x5  
  32  3:37  Drone x3  
  40  4:04  Roach x6  
  40  4:09  Extractor  
  51  4:22  Zergling x2  
  52  4:24  Overlord x2  
  52  4:25  Overlord x3  
  52  4:46  Roach x6  
  52  4:47  Roach  
  63  4:59  Zergling x2  
  62  5:00  Zergling x10  
  67  5:23  Zergling x6  
  67  5:24  Zergling x8  
  74  5:37  Lair  
  74  5:41  Evolution Chamber  
  73  5:53  Roach x4  
  73  5:55  Hatchery  
  73  5:57  Overlord x2  
  80  5:59  Zergling x2  
  80  6:01  Drone  
  82  6:05  Drone  
  83  6:38  Drone x6, Hydralisk Den  
  88  6:58  Lurker Den  
  88  7:04  Roach  
  88  7:05  Roach x7  
  88  7:06  Zergling x6  
  107  7:09  Overlord  
  107  7:20  Drone, Extractor  
  107  7:21  Extractor  
  106  7:28  Queen  
  108  7:34  Overlord x4  
  108  7:37  Zergling x4  
  110  7:58  Drone  
  110  7:59  Drone x3  
  110  8:00  Drone  
  115  8:21  Hydralisk x6  
  115  8:22  Hydralisk x2  
  115  8:23  Zergling x2  
  115  8:24  Zergling x2  
  133  8:27  Drone  
  133  8:32  Drone  
  135  8:36  Muscular Augments  
  135  8:59  Drone x3  
  135  9:00  Drone x2  
  140  9:06  Drone x2  
  140  9:07  Drone x3  
  140  9:09  Zergling x2  
  146  9:12  Overlord  
  146  9:13  Overlord x4  
  146  9:32  Overlord x4  
  146  9:33  Overlord  
  146  9:53  Zerg Ground Armor Level 1  
  146  9:57  Hydralisk  
  146  9:58  Hydralisk x7  
  146  9:59  Hydralisk x2  
  166  10:01  Roach  
  166  10:02  Zergling x2  
  166  10:03  Zergling x2  
  170  10:35  Drone x4  
  174  10:37  Drone x2  
  174  10:39  Extractor  
  174  10:42  Extractor  
  174  11:07  Hatchery  
  173  11:13  Drone x7  
  180  11:25  Lurker x6  
  186  11:26  Lurker x3  
  190  11:32  Zergling x2  
  190  11:33  Zergling x20  
  190  11:37  Overlord  
  200  11:40  Overlord x2  
  200  11:41  Overlord x5  
  200  11:50  Zerg Ground Armor Level 2  
  200  11:51  Infestation Pit  
  199  12:25  Overlord x2  
  199  12:28  Drone  
  200  12:35  Hive  
  200  12:37  Burrow  
  200  12:44  Overseer x2  
  200  12:53  Extractor  
  161  14:03  Zergling x2  
  161  14:06  Zergling x2  
  161  14:07  Zergling x28  
  84  14:39  Spire  
  84  14:45  Queen  
  75  15:12  Roach  
  75  15:13  Roach x7  
  75  15:14  Roach x5  
  99  15:15  Queen  
  80  15:56  Mutalisk x5  
  80  15:57  Mutalisk x8  
  82  15:58  Mutalisk  
  100  16:20  Hatchery  
Tags
 
Add a new tag
Caveats
  • Supply blocks, unpowered buildings, or Contaminate may cause inaccurate times.
  • Supply counts are checked every 10 seconds.